Cogmind - Beta 17 @@@ ROGUE MODE // 2026.06.30 @ 00:23:01 Player: rz Result: Destroyed by G-47 Trooper with Particle Gun Performance ------------- Evolutions (0) 0 Regions Visited (2) 400 Robots Destroyed (29) 145 Value Destroyed (674) 674 Prototype IDs (0) 0 Alien Tech Used (0) 0 Bonus (0) 0 TOTAL SCORE: 1219 Bonus ------- None Cogmind --------- Core Integrity 0/250 Matter 256/300 Energy 147/250 System Corruption 4% Temperature Cool (20) Movement Walking (260) Ox2 Location -10/Mines Parts ------- > --- POWER (1) -------- Ion Engine > --- PROPULSION (2) --- Aluminum Leg > --- UTILITY (2) ------ Large Storage Unit Targeting Computer > --- WEAPON (2) ------- Light Assault Rifle Light Assault Rifle > --- INVENTORY (15) --- Aluminum Leg Aluminum Leg Aluminum Leg Heat Sink Large Matter Pod (150) Sensor Array Signal Interpreter Targeting Computer Hacking Suite Hacking Suite Hammer Peak State ------------ > --- POWER ------------ Ion Engine > --- PROPULSION ------- Light Treads Light Treads > --- UTILITY ---------- Large Storage Unit Targeting Computer > --- WEAPON ----------- Light Assault Rifle Light Assault Rifle > --- INVENTORY -------- Ion Engine Light Treads Aluminum Leg Aluminum Leg Heat Sink Large Matter Pod Sensor Array Signal Interpreter Targeting Computer Hacking Suite Hacking Suite Light Assault Rifle Light Assault Rifle Datajack Hammer [Rating: 8] Favorites ----------- Power Ion Engine Engine Ion Engine Propulsion Light Treads Treads Light Treads Leg Aluminum Leg Utility Large Storage Unit Storage Large Storage Unit Processor Targeting Computer Weapon Light Assault Rifle Ballistic Gun Light Assault Rifle Ballistic Cannon Light Cannon Impact Weapon Hammer Build | -11 -10 -10 ------- Run | Yrd Mat Min Slots Evolved . | . . . Power . | . . . Propulsion . | . . . Utility . | . . . Weapon . | . . . Parts Attached 19 | 6 10 3 Power 3 | 1 1 1 Engine 3 | 1 1 1 Core . | . . . Reactor . | . . . Propulsion 6 | 2 3 1 Treads 3 | 2 1 . Leg 3 | . 2 1 Wheel . | . . . Hover . | . . . Flight . | . . . Utility 4 | 1 3 . Device . | . . . Storage 3 | 1 2 . Processor 1 | . 1 . Hackware . | . . . Protection . | . . . Artifact . | . . . Weapon 6 | 2 3 1 Energy Gun . | . . . Energy Cannon . | . . . Ballistic Gun 4 | 2 1 1 Ballistic Cannon 1 | . 1 . Launcher . | . . . Special Weapon . | . . . Impact Weapon 1 | . 1 . Slashing Weapon . | . . . Piercing Weapon . | . . . Special Melee Weapon . | . . . Unidentified Prototypes . | . . . Parts Lost 9 | . 4 5 Power 2 | . 1 1 Propulsion 4 | . 2 2 Utility . | . . . Weapon 3 | . 1 2 Highest Loss Streak 5 | . 2 5 To Critical Strikes . | . . . Average Backups 8 | 1 8 14 Power . | . . 1 Propulsion 1 | . 1 3 Utility 3 | . 3 7 Weapon 3 | . 3 2 Tool/Special . | . . . Unused Backups 12 | . 3 9 Power . | . . . Propulsion 3 | . . 3 Utility 6 | . . 6 Weapon 2 | . 2 . Tool/Special 1 | . 1 . Average Slot Usage (%) 83 | . 84 79 Engine 10 | . 11 5 Treads 25 | . 26 8 Leg 1 | . 1 14 Storage 14 | . 14 14 Processor 2 | . 2 14 Ballistic Gun 23 | . 23 22 Ballistic Cannon 4 | . 4 . Peak Build Rating 8 | 6 8 8 Average Rating 6 | 5 6 6 On Entrance 4 | . 6 8 Avg Prop Armor Cover (%) 13 | . 13 . Naked Turns . | . . . Heaviest Build 32 | 12 32 . Greatest Support 40 | 40 40 . Greatest Overweight (x) 2 | . 2 . Average Overweight (x) . | . . . Largest Inventory Capacity 15 | 8 15 15 Average Capacity 14 | 7 14 15 Most Carried 15 | 5 15 15 Average Carried 8 | 1 8 13 Final Capacity 15 | 8 15 15 Final Carried 15 | 2 15 11 Class Distribution -------------------- 100% | Mutant Dominant Class ---------------- Mutant | -10/Materials Mutant | -10/Mines Resources | -11 -10 -10 ----------- Run | Yrd Mat Min Matter Collected 842 | 210 632 . Remotely . | . . . Salvage Created 858 | 40 732 86 Parts 63 | 5 52 6 Haulers Intercepted 2 | . 2 . Recyclers Shooed 3 | 1 2 . Parts Field Recycled . | . . . Retrieved Matter . | . . . Parts Self-Destructed . | . . . Prevented . | . . . Parts Restored . | . . . Kills | -11 -10 -10 ------- Run | Yrd Mat Min Combat Hostiles Destroyed 20 | . 18 2 Guns 13 | . 11 2 Cannons 7 | . 7 . Classes Destroyed 7 | 1 6 . Tunneler 3 | 2 1 . Hauler 2 | . 2 . Recycler 1 | . 1 . Operator 2 | . 2 . Watcher 1 | . 1 . Swarmer 6 | . 6 . Grunt 14 | . 12 2 Best Kill Streak 3 | 2 3 2 Combat Bots Only 3 | . 3 2 Max Kills in Single Turn 1 | 1 1 1 Gunslinging . | . . . Exploded . | . . . Melee . | . . . Uniques/NPCs Destroyed . | . . . Combat | -11 -10 -10 -------- Run | Yrd Mat Min Hostile Shots Fired 158 | . 107 51 Missed 41 | . 28 13 Hits 117 | . 79 38 Projectile 117 | . 79 38 Critical Strikes 1 | . 1 . Damage Taken 1348 | . 841 507 Core 256 | . 139 117 Absorbed by Shields . | . . . Core Remaining (%) 100 | 100 . . Volleys Fired 123 | 14 96 13 Largest 2 | 2 2 2 Hottest 50 | 40 50 40 Shots Fired 245 | 28 191 26 Gun 211 | 28 157 26 Cannon 34 | . 34 . Launcher . | . . . Special . | . . . Kinetic 245 | 28 191 26 Thermal . | . . . Explosive . | . . . Electromagnetic . | . . . Robot Hit Streak 16 | 7 16 8 Robot Miss Streak 5 | 4 5 1 Penetration Max . | . . . Secondary Targets 2 | . 1 1 Max Gunslinging Chain 1 | . 1 1 Shots Hit Robots 158 | 19 118 21 Core Hits 65 | 6 50 9 Critical Kills . | . . . Critical Parts Destroyed . | . . . Critical Strikes 1 | . 1 . Blast 1 | . 1 . Melee Attacks 1 | . 1 . Impact 1 | . 1 . Slashing . | . . . Piercing . | . . . Sneak Attacks . | . . . Combat Hostiles . | . . . Follow-up Attacks . | . . . Damage Inflicted 1467 | 154 1150 163 Guns 1109 | 152 794 163 Cannons 356 | . 356 . Explosions . | . . . Melee . | . . . Ramming 2 | 2 . . Kinetic 1465 | 152 1150 163 Thermal . | . . . Explosive . | . . . Electromagnetic . | . . . Impact . | . . . Slashing . | . . . Piercing . | . . . Highest Corruption 4 | . 4 4 Average Corruption 2 | . 2 4 Corruption Purged . | . . . Corruption Blocked . | . . . Effects 16 | . 16 . Message Errors 6 | . 6 . Matter Fused 4 | . 4 . Heat Flow Errors 3 | . 3 . Data Loss (minor) 2 | . 2 . Data Loss (major) 1 | . 1 . Overload Shots . | . . . Overflow Damage . | . . . Projectiles . | . . . Explosions . | . . . Melee . | . . . Knockbacks 5 | . 5 . Impact . | . . . Kinetic 5 | . 5 . Secondary . | . . . Self-Inflicted Damage . | . . . Shots . | . . . Rammed 1 | 1 . . Targets Rammed 1 | 1 . . Kicked . | . . . Crushed . | . . . Highest Temperature 118 | . 118 36 Average Temperature 21 | . 23 13 Received Heat Transfer 687 | . 396 291 Siege Activations . | . . . Martial Activations . | . . . Shielding Activations . | . . . Robots Disrupted . | . . . Combat Hostiles . | . . . Robots Corrupted . | . . . Combat Hostiles . | . . . Parts Fried . | . . . Impact Corruptions . | . . . Robots Melted . | . . . Combat Hostiles . | . . . Parts Melted . | . . . Heat Transferred . | . . . Parts Sabotaged . | . . . Parts Stolen . | . . . Parts Stripped . | . . . Power Chain Reactions . | . . . Alert | -11 -10 -10 ------- Run | Yrd Mat Min Maximum Alert Level . | . . . Low Security (%) 100 | 100 100 100 Level 1 . | . . . Level 2 . | . . . Level 3 . | . . . Level 4 . | . . . Level 5 . | . . . High Security . | . . . Max Security . | . . . Peak Influence 150 | 5 150 50 Initial 15 | . . 15 Average 46 | 1 50 15 Influence Increases 616 | 10 556 50 Destroy 0b10 Robot/C 400 | . 360 40 Destroy 0b10 Robot/NC 45 | 10 35 . Destroy Leader 96 | . 86 10 Disable Machine 30 | . 30 . Lose Combat Pursuer 45 | . 45 . Influence Decreases 576 | 10 517 49 Entered New Map 24 | . . 24 Time Decay 487 | 10 477 . Lost Part 65 | . 40 25 Squads Dispatched 4 | . 4 . Investigation 1 | . 1 . Extermination . | . . . Reinforcement 3 | . 3 . Assault . | . . . Garrison . | . . . Intercept . | . . . Searches Triggered . | . . . Construction Impeded . | . . . Haulers Reinforced . | . . . Active Scanning Responses . | . . . Cargo Convoy Interrupts . | . . . Stealth | -11 -10 -10 --------- Run | Yrd Mat Min Distress Signals 3 | . 3 . Communications Jammed . | . . . Distress Signals . | . . . Times Spotted 42 | . 38 4 Peak Tracking Total 4 | . 4 4 Tactical Retreats 2 | . 2 . Traps | -11 -10 -10 ------- Run | Yrd Mat Min Traps Triggered 2 | . 2 . Indirectly . | . . . Trap Hack Attempts . | . . . Triggered . | . . . Disarmed . | . . . Reprogrammed . | . . . Reused . | . . . Traps Extracted . | . . . Installed . | . . . Triggered . | . . . Machines | -11 -10 -10 ---------- Run | Yrd Mat Min Machines Disabled 2 | . 2 . Max in Single Turn 1 | . 1 . Machines Repaired . | . . . Machines Dismantled . | . . . Machines Sabotaged . | . . . Overloaded Fab Kills . | . . . Hacking | -11 -10 -10 --------- Run | Yrd Mat Min Machines Accessed 3 | . 3 . Terminals 1 | . 1 . Fabricators . | . . . Repair Stations . | . . . Recycling Units 2 | . 2 . Scanalyzers . | . . . Garrison Access . | . . . Total Hacks 7 | . 7 . Successful 1 | . 1 . Failed 6 | . 6 . Catastrophic 1 | . 1 . Database Lockouts . | . . . Manual . | . . . Terminals 2 | . 2 . Fabricators . | . . . Repair Stations . | . . . Recycling Units 5 | . 5 . Scanalyzers . | . . . Garrison Access . | . . . Terminal Hacks . | . . . Fabricator Hacks . | . . . Repair Station Hacks . | . . . Recycling Unit Hacks 1 | . 1 . Retrieve Components 1 | . 1 . Scanalyzer . | . . . Garrison Access Hacks . | . . . Unauthorized Hacks . | . . . Terminals . | . . . Fabricators . | . . . Repair Stations . | . . . Recycling Units . | . . . Scanalyzers . | . . . Garrison Access . | . . . Data Cores Recovered . | . . . Used . | . . . Hacking Detections 3 | . 3 . Full Trace Events 1 | . 1 . Feedback Events . | . . . Feedback Blocked . | . . . Robot Schematics Acquired . | . . . Robots Built . | . . . Authchips . | . . . Time . | . . . Total Robot Build Rating . | . . . Part Schematics Acquired . | . . . Parts Built . | . . . Authchips . | . . . Time . | . . . Total Part Build Rating . | . . . Part Studies Acquired . | . . . Parts Repaired . | . . . Time . | . . . Parts Recycled . | . . . Recycled Matter . | . . . Retrieved Matter . | . . . Retrieved Components 9 | . 9 . Parts Scanalyzed . | . . . Part Schematics Acquired . | . . . Parts Damaged . | . . . Bothacking | -11 -10 -10 ------------ Run | Yrd Mat Min Used RIF Installer . | . . . Robots Hacked . | . . . Non-combat . | . . . Combat . | . . . Robot Hacks Applied . | . . . Relay Couplers Released . | . . . Fabnet Peak Effective % . | . . . Robots Rewired . | . . . Allies Hacked . | . . . Hacks Repelled . | . . . Allies | -11 -10 -10 -------- Run | Yrd Mat Min Total Allies . | . . . Largest Group . | . . . Highest-Rated Group . | . . . Highest-Rated Ally . | . . . Total Orders . | . . . Ally Attacks . | . . . Total Damage . | . . . Kills . | . . . Allies Corrupted . | . . . Allies Melted . | . . . Intel | -11 -10 -10 ------- Run | Yrd Mat Min Active Infowar (turns) . | . . . Robot Analysis Total . | . . . Derelict Logs Recovered . | . . . Drone Launches . | . . . Drone Recoveries . | . . . Exploration | -11 -10 -10 ------------- Run | Yrd Mat Min Turns Passed 1669 | 102 1531 36 Spaces Moved 730 | 42 688 . Core 14 | 14 . . Treads 653 | 28 625 . Legs 63 | . 63 . Wheels . | . . . Hover . | . . . Flight . | . . . Fastest Speed 50 | 50 160 . Average Speed 166 | 123 169 . Slowest Speed 260 | 160 260 . Overloaded Moves . | . . . Propulsion Burnouts . | . . . Robots Hopped . | . . . Potential Cave-ins . | . . . Cave-ins Triggered . | . . . Exploration Rate (%) 36 | 4 98 6 Regions Visited 2 Branch Regions 1 Pre-discovered Areas . | . . . Known Exits Taken . | . . . Unknown Exits Taken 2 | 1 1 . Scrap Searched . | . . . Spaces Dug . | . . . Terrain Destroyed . | . . . Melee . | . . . Projectile . | . . . AOE . | . . . Terrain Rammed . | . . . Walls Destroyed . | . . . Machines Disabled . | . . . Actions | -11 -10 -10 --------- Run | Yrd Mat Min Total 978 | 69 892 17 Wait 71 | . 71 . Move 729 | 42 687 . Hop . | . . . Pick Up 27 | 7 20 . Fast Attach 3 | 1 2 . Attach 14 | 5 5 4 Detach 1 | . 1 . Swap 4 | . 4 . Drop 5 | . 5 . Fire 123 | 14 96 13 Melee 1 | . 1 . Ram . | . . . Kick . | . . . Crush . | . . . Escape Stasis . | . . . Rewire . | . . . Trap . | . . . Miscellaneous . | . . . Route ------- -11/Scrapyard -10/Materials (discovered 5 exits: [*Mat x3] / [*Min] / [*Sub]) -10/Mines History --------- Turn | Location | Event 34 | -11/Scrapyard | Discovered new exit (range 15) 103 | -11/Scrapyard | Entered Materials 288 | -10/Materials | Discovered new exit (range 15) 311 | -10/Materials | Build established: Mutant 348 | -10/Materials | Discovered new exit (range 7) 465 | -10/Materials | Discovered new exit (range 7) 580 | -10/Materials | Discovered new exit (range 16) 1073 | -10/Materials | Discovered new exit (range 16) 1447 | -10/Materials | Core integrity fell below 50% 1634 | -10/Materials | Entered Mines 1658 | -10/Mines | Core integrity fell below 20% 1670 | -10/Mines | Destroyed by G-47 Trooper with Particle Gun Last Messages --------------- 01478_ Acquired 57 matter. 01478_ K-01 Serf collects debris. 01482_ AY =KOOVTNRUOI/VNY>P 01484_ K-01 Serf collects debris. 01489_ R-06 Scavenger collects Aluminum Leg. 01494_ R-06 Scavenger collects Heat Sink. 01506_ K-01 Serf collects debris. 01528_ System corrupted: Component data lost. 01579_ System corrupted: Heat flow error (+137). 01601_ System corrupted: Heat flow error (+120). LOCATION=UNKNOWN GOAL=ESCAPE 01636_ Ion Engine destroyed. 01648_ Lgt. Assault Rifle destroyed. 01656_ Lgt. Treads destroyed. 01657_ G-47 Trooper destroyed. 01657_ Switching to secondary target: G-34 Mercenary. 01662_ G-34 Mercenary destroyed. 01663_ Aluminum Leg destroyed. Map ----- +----------------------------------------------------+ | ?????????????????????????????????????????????????? | | ?????????????????????????????????????????????????? | | ?????????????????????????????????????????????????? | | ?????????????????????????????????????????????????? | | ?????????????????????????????????????????????????? | | ?????????????????????????????????????????????????? | | ?????????????????????????????????????????????????? | | ?????????????????????????????????????????????????? | | ?????????????????????????????????????????????????? | | ?????????????????????????????????????????????????? | | ?????????????????????????????????????????????????? | | ?????????????????????????????????????????????????? | | ?????????????????????????????????????????????????? | | ????????????????????##???????????????????????????? | | ????????????????????? ???????????????????????????? | | ????????????????????? ???????????????????????????? | | ?????????????????????# ??????????????????????????? | | ?????????????????????# ??????????????????????????? | | ????????????? ??????# ##????????????????????????? | | ?????????????? ###### ##??????????????????????? | | ???????????????? #??????????????????????? | | ?????????????????? gg ##?????????????????????? | | ???????????????????# ##????????????????????? | | ??????????????????## ##???????????????????? | | ?????????????????## #???????????????????? | | ?????????????????# @ #???????????????????? | | ?????????????????# =%!###???????????????????? | | ?????????????????## [= #?????????????????????? | | ??????????????????## !% #?????????????????????? | | ???????????????????# ?????????????????????? | | ?????????????????? $ ?????????????????????? | | ????????????????? ????????????????????? | | ????????????????#### #### ????????????????????? | | ???????????????????## #????# ???????????????????? | | ????????????????????###??????#???????????????????? | | ?????????????????????????????????????????????????? | | ?????????????????????????????????????????????????? | | ?????????????????????????????????????????????????? | | | | | | | | | | | | | | | | | | | | | | | | | +----------------------------------------------------+ Best States ------------- Heat Dissipation 25 Energy Generation 10 Energy Capacity 250 Matter Stores 300 Matter Capacity 300 Sight Range 16 Terrain Scan Density 10 Evasion (%) 50 Targeting Accuracy 5 Recoil Reduction 2 Item Schematics ----------------- None Robot Schematics ------------------ None Fabricated ------------ Nothing Repaired ---------- Nothing Studied --------- None Alien Tech Used ----------------- None Achievements -------------- None Challenges ------------ None Game ------ Seed PrecisionCompanionPower Manual? 0 Play Time 00:12:24 Cumulative 67.6 hours Start 2026.06.30 @ 00:09:28 End 2026.06.30 @ 00:23:01 Sessions 1 Manual Loads 0 Difficulty Rogue Special Mode None Game No. 79 Rogue 25 Adventurer 54 Explorer 0 Win Type - Total 1 Types 1/0/0/0/0/0/0/0/0/0 Lore% 32 Gallery% 40 Achievement% 38 Wizard Run 0 Options --------- Layout 1 ASCII 0 Keyboard 0 Movement Mouse Keybinds 1 Fullscreen 1 Font 32/SmallcapsGlow Map View 50x35 Zoom Use 0% Tactical HUD 1 Map Filters NONE Filters NONE Steam 1 RUN: 9e5886dc-44cc-42b1-914e-3c38198982d4